 Dungeon Crawl Stone Soup version 0.29.1-15-g9cfb28693d (webtiles) character file.

Game seed: 12957766789704841280

5776 BuddhaDhamma the Severer (level 10, -5/115 HPs)
             Began as a Minotaur Berserker on Mar 22, 2023.
             Was a High Priest of Trog.
             Slain by a nine-headed hydra (7 damage)
             ... on level 9 of the Dungeon.
             The game lasted 00:16:46 (9507 turns).

BuddhaDhamma the Severer (Minotaur Berserker)       Turns: 9507, Time: 00:16:47

Health: -5/115     AC: 12    Str: 27    XL:     10   Next: 50%
Magic:  9/9        EV:  9    Int:  4    God:    Trog [*****.]
Gold:   668        SH:  0    Dex:  9    Spells: 9/9 levels left

rFire   . . .      SeeInvis +   y - +5 battleaxe of Transparent Purpose {vorpal, rPois SInv}
rCold   . . .      Faith    .   (shield currently unavailable)
rNeg    + + .      Spirit   .   q - +0 chain mail
rPois   +          Reflect  .   (helmet restricted)
rElec   .          Harm     .   c - +0 cloak
rCorr   .          Rampage  .   F - +0 pair of gloves
Will    .....                   o - +0 pair of boots
Stlth   ..........              (no amulet)
HPRegen 0.29/turn               j - ring of positive energy
MPRegen 0.11/turn               l - ring of positive energy

@: berserking (expiring), very quick
A: horns 2, retaliatory headbutt
a: Renounce Religion, Berserk, Trog's Hand, Brothers in Arms


You were on level 9 of the Dungeon.
You worshipped Trog.
Trog was extremely pleased with you.
You visited 1 branch of the dungeon, and saw 9 of its levels.
You also visited: Ossuary.

You collected 668 gold pieces.

Inventory:

Hand Weapons
 b - a +2 vorpal war axe
 y - the +5 battleaxe of Transparent Purpose (weapon) {vorpal, rPois SInv}
   (You acquired it on level 7 of the Dungeon)

   It inflicts extra damage upon your enemies.
   rPois:     It protects you from poison.
   SInv:      It lets you see invisible.
Missiles
 e - 18 poisoned darts (quivered)
Armour
 c - a +0 cloak (worn)
 o - a +0 pair of boots (worn)
 q - a +0 chain mail (worn)
 F - a +0 pair of gloves (worn)
Jewellery
 f - an amulet of magic regeneration
 h - a ring of ice
 j - a ring of positive energy (left hand)
 l - a ring of positive energy (right hand)
Wands
 m - a wand of acid (5)
 H - a wand of mindburst (7)
Scrolls
 g - 2 scrolls of vulnerability
 n - a scroll of teleportation
 C - a scroll of silence {unknown}
 D - 2 scrolls of fear
 E - a scroll of identify
 G - a scroll of butterflies
Potions
 a - 3 potions of degeneration
 d - 4 potions of attraction
 i - 7 potions of lignification
 k - 3 potions of ambrosia
 p - a potion of mutation
 r - a potion of magic
 s - a potion of resistance {unknown}
 t - a potion of heal wounds {unknown}
 u - 2 potions of flight
 v - a potion of cancellation {unknown}
 w - 4 potions of curing {unknown}
 x - a potion of invisibility {unknown}
 z - a potion of haste {unknown}
 A - a potion of brilliance {unknown}
 B - a potion of berserk rage {unknown}


   Skills:
 - Level 3.6 Fighting
 + Level 18.5 Axes
 - Level 2.4 Armour
 - Level 2.1 Dodging


You had 9 spell levels left.
You didn't know any spells.
Your spell library was empty.

Dungeon Overview and Level Annotations

Branches:
Dungeon (9/15)             Temple (0/1) D:7         Ossuary (visited)
   Lair: D:8-11         Orc: D:9-12

Altars:
Dithmenos
Gozag
Makhleb
Qazlal

Shops:
D:3 *


Innate Abilities, Weirdness & Mutations

You have a pair of horns on your head.
You reflexively headbutt those who attack you in melee.


Message History

The troll bites you! The troll claws you but does no damage.
The troll claws you.
You barely miss the troll.
The troll is heavily wounded.
The troll completely misses you. You furiously retaliate!
You headbutt the troll, but do no damage.
The troll claws you.
* * * LOW HITPOINT WARNING * * *
The troll closely misses you.
A red film seems to cover your vision as you go berserk!
You feel yourself moving faster!
You feel mighty! The troll bites you but does no damage.
The troll claws you. x2
* * * LOW HITPOINT WARNING * * *
You slice the troll!!
You kill the troll!
Trog accepts your kill.
The troll leather armour is intact enough to wear.
You hack one of the eight-headed hydra's heads off!
The seven-headed hydra grows two more!
You slice the nine-headed hydra!! The nine-headed hydra bites you!
* * * LOW HITPOINT WARNING * * *
The nine-headed hydra bites you!
* * * LOW HITPOINT WARNING * * *
The nine-headed hydra closely misses you.
The nine-headed hydra bites you.
* * * LOW HITPOINT WARNING * * *
The nine-headed hydra bites you!
* * * LOW HITPOINT WARNING * * *
The nine-headed hydra bites you but does no damage. x2
The nine-headed hydra closely misses you.
The nine-headed hydra bites you but does no damage.
Things that are here:
a +0 troll leather armour; a troll corpse You feel a strong urge to attack something.
The nine-headed hydra barely misses you.
The nine-headed hydra closely misses you.
The nine-headed hydra bites you.
* * * LOW HITPOINT WARNING * * *
The nine-headed hydra bites you!
You die...

#........ ..............
#........ .............#
#...##### .............#
#...#....
.............##.#...#.###
.............##.#...#.###
.............##.#...#....
........D....##.#..##....
........@....##.#..######
.............##.#........
.............##.#........
.........$...##.').......
................#........
..............).####+####
.........................
.......................##
....##.....###.........


You could see a nine-headed hydra.

Vanquished Creatures
  Pikel (D:9)
  Psyche (D:8)
  2 trolls
  A hornet (D:8)
  Prince Ribbit (D:6)
  Sigmund (D:2)
  Eustachio (D:6)
  3 yaks (D:8)
  A water moccasin (D:5)
  2 sky beasts
  2 ice beasts (D:7)
  2 ogres
  A phantom (D:7)
  A centaur (D:5)
  A kobold brigand (D:9)
  Blork the orc (D:6)
  3 bullfrogs
  A gnoll sergeant (D:5)
  3 scorpions (D:4)
  2 necrophages (D:6)
  14 wights (D:9)
  2 howler monkeys
  5 jellies
  Crazy Yiuf (D:6)
  3 orc priests
  6 hounds
  3 iguanas
  5 orc wizards
  Natasha (thrice) (D:2)
  A hound skeleton (D:6)
  8 mummies (Ossuary)
  7 gnolls
  11 adders
  5 river rats (D:6)
  A shadow imp (D:7)
  3 white imps
  6 worms
  6 dart slugs
  16 orcs
  6 ball pythons
  7 endoplasms
  7 giant cockroaches
  9 hobgoblins
  A jackal (D:2)
  11 kobolds
  10 quokkas
  7 bats
  7 frilled lizards
  2 gnoll zombies (Ossuary)
  5 goblins
  2 hobgoblin zombies (Ossuary)
  2 kobold zombies (Ossuary)
  2 orc zombies (Ossuary)
  16 rats
231 creatures vanquished.

Notes
Turn   | Place    | Note
-------+----------+-------------------------------------------
     0 | D:1      | BuddhaDhamma the Minotaur Berserker began the quest for the
                  | Orb.
     0 | D:1      | Reached XP level 1. HP: 19/19 MP: 0/0
   201 | D:1      | Reached skill level 4 in Axes
   399 | D:1      | Found a faded altar of an unknown god.
   418 | D:1      | Reached XP level 2. HP: 26/26 MP: 1/1
   772 | D:1      | Reached skill level 5 in Axes
  1194 | D:2      | Noticed Sigmund
  1202 | D:2      | Reached XP level 3. HP: 31/31 MP: 2/2
  1204 | D:2      | Killed Sigmund
  1205 | D:2      | Reached skill level 7 in Axes
  1205 | D:2      | Reached XP level 4. HP: 20/39 MP: 3/3
  1205 | D:2      | Reached XP level 5. HP: 23/45 MP: 4/4
  1506 | D:2      | Noticed Natasha
  1512 | D:2      | Reached ** piety under Trog
  1513 | D:2      | Killed Natasha
  1736 | D:2      | Noticed Natasha
  1746 | D:2      | Killed Natasha
  1747 | D:2      | Reached skill level 8 in Axes
  1870 | D:2      | Reached XP level 6. HP: 51/51 MP: 5/5
  1936 | D:2      | Noticed Natasha
  1942 | D:2      | Killed Natasha
  2099 | D:3      | Found a stormy altar of Qazlal.
  2242 | D:3      | Found Gozag's Platinum Reserve.
  2821 | D:3      | Found an opulent altar of Gozag.
  3065 | D:4      | Reached *** piety under Trog
  3069 | D:4      | Reached skill level 9 in Axes
  3134 | D:4      | You fall into a shaft and drop 2 floors!
  3142 | D:5      | Entered Level 5 of the Dungeon
  3165 | D:5      | Reached XP level 7. HP: 20/57 MP: 6/6
  3497 | D:4      | Reached skill level 10 in Axes
  3700 | D:4      | Reached skill level 11 in Axes
  3896 | D:4      | Found a shadowy altar of Dithmenos.
  4606 | D:5      | Reached XP level 8. HP: 64/64 MP: 7/7
  4714 | D:5      | Reached skill level 12 in Axes
  5186 | D:6      | Noticed Eustachio
  5382 | D:6      | Noticed Prince Ribbit
  5388 | D:6      | Killed Prince Ribbit
  5389 | D:6      | Reached skill level 13 in Axes
  5713 | D:6      | Identified the +11 long sword of Dominance {flame, rPois
                  | Int-2 Dex+4 SInv}
  5738 | D:6      | Found a runed translucent door.
  5739 | D:6      | Noticed Crazy Yiuf
  5745 | D:6      | Killed Crazy Yiuf
  5826 | D:6      | Reached skill level 14 in Axes
  5849 | D:6      | Noticed Blork the orc
  5853 | D:6      | Killed Blork the orc
  5875 | D:6      | Found a burning altar of Makhleb.
  5881 | D:6      | Reached XP level 9. HP: 67/70 MP: 8/8
  6041 | D:6      | Reached **** piety under Trog
  6174 | D:6      | Killed Eustachio
  6639 | D:7      | Reached skill level 15 in Axes
  6712 | D:7      | Found a staircase to the Ecumenical Temple.
  6803 | D:7      | Found a sand-covered staircase.
  6811 | Ossuary  | Entered an ossuary
  6834 | Ossuary  | Reached ***** piety under Trog
  7406 | D:7      | Noticed a troll
  7412 | D:7      | Killed a troll
  7413 | D:7      | Reached skill level 16 in Axes
  7468 | D:7      | Found the +18 Lear's hauberk
  7894 | D:7      | Identified a scroll of acquirement
  7894 | D:7      | Acquired the +5 battleaxe of Transparent Purpose {vorpal,
                  | rPois SInv}
  8025 | D:8      | Noticed Psyche
  8029 | D:8      | Killed Psyche
  8118 | D:8      | Reached skill level 17 in Axes
  8118 | D:8      | Reached XP level 10. HP: 59/77 MP: 9/9
  9358 | D:9      | Noticed Pikel
  9369 | D:9      | Killed Pikel
  9370 | D:9      | Reached skill level 18 in Axes
  9498 | D:9      | Noticed an eight-headed hydra
  9507 | D:9      | HP: 2/115 [nine-headed hydra (4)]
  9507 | D:9      | Slain by a nine-headed hydra

Illustrated notes

Levels and vault maps discovered:
D:1:      shiori_arrival_elements, layout_loops_corners,
          shapermc_ecumenical_altar_pompeii
D:2:      layout_rooms, minmay_octomino_c4, uniq_sigmund, uniq_natasha
D:3:      minmay_diamond_boxcup, layout_loops_corners,
          nicolae_gozag_zags_fifth_avenue, grunt_qazlal_sundering,
          patterned_corridor
D:4:      layout_loops_ring, nicolae_dithmenos_through_a_glass_darkly
D:5:      layout_basic, serial_corexii_hall, corexii_hall_statues_x,
          chequers_hall_statues_corner_a, hex_large, minmay_fountain_box,
          kennysheep_windowed_goal
D:6:      lemuel_ratsnest, layout_loops_ring, makhleb_blood_cavern_becter,
          uniq_eustachio, uniq_prince_ribbit1, uniq_crazy_yiuf_cottage,
          uniq_blork_the_orc
D:7:      layout_cave_pools, nicolae_ossuary_entry_plus,
          hellmonk_guarded_unrand_lears
D:8:      layout_basic, uniq_psyche
D:9:      hellmonk_destroyed_diamonds, layout_stronghold, kennysheep_mini,
          serial_shops, shop_fountains, uniq_pikel

Skill      XL: |  1  2  3  4  5  6  7  8  9 10 |
---------------+-------------------------------+-----
Axes           | 4 5 7 8 9 11 14 17 18 | 18.5
Fighting       | |  3.6
Armour         | |  2.4
Dodging        | |  2.1

Action                   |  1- 3 |  4- 6 |  7- 9 | 10-12 || total
-------------------------+-------+-------+-------+-------++-------
Melee: Hand axe          |    46 |   121 |    85 |       ||   252
       Headbutt          |     7 |    19 |    43 |     7 ||    76
       Punch             |       |     3 |     1 |       ||     4
       War axe           |       |       |   200 |       ||   200
       Battleaxe         |       |       |    13 |    54 ||    67
Throw: Dart              |     9 |       |     2 |       ||    11
Invok: Berserk           |     1 |       |     6 |     1 ||     8
  Use: Scroll            |       |       |    16 |     2 ||    18
Armor: Leather armour    |     8 |    17 |       |       ||    25
       Animal skin       |     3 |       |       |       ||     3
       Ring mail         |       |     6 |       |       ||     6
       Chain mail        |       |    29 |   111 |    17 ||   157
Dodge: Dodged            |    26 |    69 |    93 |    32 ||   220
